 Dungeon Crawl Stone Soup version 0.25-a0-578-gc91f01c39c (webtiles) character file.

Game seed: 667771019603400148, levelgen mode: deterministic

64 Emblim88 the Ruffian (level 3, -9/36 HPs)
             Began as a Troll Monk on Mar 4, 2020.
             Mangled by a gnoll
             ... wielding a +0 halberd
              (10 damage)
             ... on level 2 of the Dungeon.
             The game lasted 00:01:46 (892 turns).

Emblim88 the Ruffian (Troll Monk)                    Turns: 892, Time: 00:01:47

Health: -9/36      AC:  6    Str: 19 (20) XL:     3   Next: 91%
Magic:  2/2        EV: 10    Int:  3 (6)  God:
Gold:   54         SH:  0    Dex: 10 (12) Spells: 2/2 levels left

rFire    . . .     SeeInvis .     - Unarmed
rCold    + . .     Gourm    +   (no shield)
rNeg     . . .     Faith    +   a - +0 robe
rPois    .         Spirit   .   (helmet restricted)
rElec    .         Reflect  .   (no cloak)
rCorr    .         Harm     .   (gloves unavailable)
MR       .....                  (boots unavailable)
Stlth    ..........             g - amulet of faith
HPRegen  0.52/turn              j - ring of protection from cold
MPRegen  0.08/turn              m - ring of attention (curse)

@: no status effects
A: large, unfitting armour, claws 3, fast metabolism 3, gourmand, regeneration
1, shaggy fur 1, tough skin 3
a: no special abilities


You were on level 2 of the Dungeon.
You were very full.

You visited 1 branch of the dungeon, and saw 2 of its levels.

You collected 54 gold pieces.

Inventory:

Armour
 a - a +0 robe (worn)
Jewellery
 g - an amulet of faith (around neck)
 j - a ring of protection from cold (left claw)
 m - a cursed ring of attention (right claw)
Scrolls
 c - 3 scrolls of enchant armour {unknown}
 d - a scroll of remove curse {unknown}
 f - 2 scrolls of teleportation {unknown}
 h - 3 scrolls of identify {unknown}
 n - a scroll of magic mapping {unknown}
Potions
 e - a potion of degeneration
 i - a potion of cancellation {unknown}
Comestibles
 b - 4 rations


   Skills:
 - Level 2.4 Fighting
 - Level 2.4 Dodging
 - Level 1.0 Stealth
 + Level 4.9 Unarmed Combat


You had 2 spell levels left.
You didn't know any spells.
Your spell library was empty.

Dungeon Overview and Level Annotations

Branches:
Dungeon (2/15)

Altars:
Qazlal
The Shining One


Innate Abilities, Weirdness & Mutations

You are too large for most types of armour.
You have claws for hands.
Your metabolism is lightning-fast.
You like to eat raw meat.
Your natural rate of healing is unusually fast.
You are covered in fur. (AC +1)
You have extremely tough skin. (AC +3)


Message History

You scratch the gnoll.
The gnoll is heavily wounded.
The gnoll closely misses you.
You scratch the gnoll.
The gnoll is severely wounded.
The gnoll barely misses you.
You feel better.
The gnoll hits you from afar with a +0 halberd!
* * * LOW HITPOINT WARNING * * *
The gnoll barely misses you.
You barely miss the gnoll. Your claw misses the gnoll.
The gnoll is severely wounded.
The gnoll hits you but does no damage.
The gnoll hits you with a cursed -3 flail.
* * * LOW HITPOINT WARNING * * *
You claw the gnoll!
You kill the gnoll!
You feel your dexterity returning.
The gnoll hits you from afar with a +0 halberd!
You die...

#.).........
#.........$.
#...........
#....$.....)
#..........
#..>..# #.#
#####(#
##.@)gK#
#..#####
#.## #.# #.#
#.# ##.#
##..# #..##


You could see a gnoll and a kobold.

Vanquished Creatures
  3 gnolls (D:2)
  An adder (D:2)
  3 dart slugs
  2 bats (D:1)
  A giant cockroach (D:1)
  2 goblins (D:1)
  5 hobgoblins
  A frilled lizard (D:2)
  2 kobolds (D:1)
  A rat (D:1)
21 creatures vanquished.

Notes
Turn   | Place    | Note
-------+----------+-------------------------------------------
     0 | D:1      | Emblim88 the Troll Monk began the quest for the Orb.
     0 | D:1      | Reached XP level 1. HP: 22/22 MP: 0/0
   178 | D:1      | Reached XP level 2. HP: 29/29 MP: 1/1
   789 | D:2      | Found a stormy altar of Qazlal.
   789 | D:2      | Found a glowing golden altar of the Shining One.
   796 | D:2      | Reached skill level 4 in Unarmed Combat
   796 | D:2      | Reached XP level 3. HP: 35/36 MP: 2/2
   891 | D:2      | HP: 1/36 [gnoll/cursed -3 flail (5)]
   892 | D:2      | Mangled by a gnoll

Levels and vault maps discovered:
D:1:      co_arrival_random_square_maze, layout_loops_ring
D:2:      layout_rooms, lightli_temple_of_fire, grunt_temple_overflow_open

Skill      XL: |  1  2 |
---------------+-------+-----
Unarmed Combat | 4 |  4.9
Fighting       | |  2.4
Dodging        | |  2.4
Stealth        | |  1.0

Action                   || total
-------------------------++-------
Melee: Unarmed           ||    62
Throw: Javelin           ||     2
  Use: Potion            ||     3
 Stab: Sleeping          ||     3
  Eat: Chunk             ||    13
Armor: Robe              ||    12
Dodge: Dodged            ||    35

Table legend:
 A = Non-vault XP
 B = Vault XP
 C = Vault XP percentage of total XP
 D = Non-vault monster count
 E = Vault monster count
 F = Vault count percentage of total count
                 A         B        C        D         E       F
            +---------+---------+-------+---------+---------+-------
      Total |      92 |       0 |   0.0 |      21 |       0 |   0.0
            +---------+---------+-------+---------+---------+-------
        D:1 |      28 |       0 |   0.0 |      14 |       0 |   0.0
        D:2 |      64 |       0 |   0.0 |       7 |       0 |   0.0
            +---------+---------+-------+---------+---------+-------
